 Dungeon Crawl Stone Soup version 0.24-a0-203-gf0bc1e9 (webtiles) character file.

Game seed: 5835154571251983229

500 Ijustatesigmund the Cudgeler (level 7, -1/49 HPs)
             Began as an Octopode Fighter on Mar 26, 2019.
             Slain by an adder (2 damage)
             ... while paralysed by Grinder
             ... on level 4 of the Dungeon.
             The game lasted 00:09:42 (3784 turns).

Ijustatesigmund the Cudgeler (Octopode Fighter)     Turns: 3784, Time: 00:09:43

Health: -1/49      AC:  2    Str: 15    XL:     7   Next: 16%
Magic:  7/7        EV:  2    Int: 11    God:
Gold:   156        SH:  0    Dex: 13    Spells: 6/6 levels left

rFire    . . .     SeeInvis .   a - +0 flail
rCold    . . .     Gourm    .   b - +0 shield
rNeg     . . .     Faith    .   i - +1 hat
rPois    .         Spirit   .   (no amulet)
rElec    .         Reflect  .   (no ring)
rCorr    .         Harm     .   (no ring)
MR       .....                  (no ring)
Stlth    ++........             (no ring)
HPRegen  0.16/turn              (no ring)
MPRegen  0.10/turn              (no ring)
                                (no ring)
                                (no ring)

@: paralysed, lethally poisoned (-1 -> -7)
A: almost no armour, stealthy swim, amphibious, 8 rings, constrict 8, camouflage
1, gelatinous body 1
a: no special abilities


You were on level 4 of the Dungeon.
You were not hungry.

You visited 1 branch of the dungeon, and saw 4 of its levels.

You collected 156 gold pieces.

Inventory:

Hand Weapons
 a - a +0 flail (weapon)
Missiles
 e - 8 javelins of returning (quivered)
Armour
 b - a +0 shield (worn)
 i - a +1 hat (worn)
Jewellery
 g - an uncursed ring of fire
Scrolls
 c - 2 scrolls of teleportation
 k - a scroll of remove curse
Potions
 f - a potion of brilliance
Comestibles
 d - 3 rations


   Skills:
 + Level 4.4 Fighting
 * Level 4.9 Maces & Flails
 + Level 4.3 Dodging
 + Level 4.4 Shields


You had 6 spell levels left.
You didn't know any spells.
Your spell library contained the following spells:

 Spells                   Type           Power        Failure   Level  Hunger
 Summon Small Mammal      Summ           #...         80%         1    ##.....
 Call Imp                 Summ           #.......     91%         2    ###....
 Call Canine Familiar     Summ           #.......     99%         3    ####...
 Summon Guardian Golem    Hex/Summ       #.......     99%         3    ####...
 Summon Ice Beast         Ice/Summ       #.......     100%        4    #####..
 Summon Lightning Spire   Summ/Air       #.......     100%        4    #####..


Dungeon Overview and Level Annotations

Branches:
Dungeon (4/15)
 Temple: D:4-7

Altars:
Ashenzari
Dithmenos
Nemelex Xobeh
Uskayaw
Vehumet

Annotations:
D:4 Grinder


Innate Abilities, Weirdness & Mutations

You cannot wear most types of armour.
You are very stealthy in the water. (Stealth+)
You are amphibious.
You can wear up to eight rings at the same time.
You can use your tentacles to constrict eight enemies at once.
Your skin changes colour to match your surroundings (Stealth+).
Your rubbery body absorbs attacks. (AC +1, EV +1)


Message History

The adder poisons you!
The worker ant bites you but does no damage.
Grinder gestures at you.
You suddenly lose the ability to move!
The adder completely misses you. The worker ant bites you.
You are more poisoned.
The worker ant poisons you!
You feel sick. Grinder gestures at you. Pain shoots through your body!
* * * LOW HITPOINT WARNING * * *
The hound bites you.
* * * LOW HITPOINT WARNING * * *
The adder bites you but does no damage. The worker ant bites you.
* * * LOW HITPOINT WARNING * * *
* * * LOW HITPOINT WARNING * * *
You feel sick. The hound bites you.
* * * LOW HITPOINT WARNING * * *
The adder bites you.
You die...

###.#.......# #######
#.._........# ##...#...#
..#.#.......###.........
.......[................
........<............%..
.<........###...........
####......###...........
............#..=Sh.....#
#####...........@5.....#
#######.....#..>a.......
....####..#.#...........
###.....................
########...#............
.# #.#.............. .##
#..#............. ..##
#...#........)... #..##
#.#.#...........


You could see Grinder, a hound, a worker ant and an adder.

Vanquished Creatures
  The ghost of Borgoz the Sneak, an amateur KoEn (D:3)
  An ogre (D:3)
  A jelly (D:4)
  A hound (D:4)
  An orc priest (D:3)
  A centaur skeleton (D:4)
  3 gnolls (D:2)
  3 adders
  2 hound simulacra (D:3)
  A howler monkey simulacrum (D:3)
  An ooze (D:3)
  An adder skeleton (D:4)
  2 worms
  2 adder simulacra (D:3)
  4 dart slugs
  14 orcs (D:3)
  3 ball pythons
  2 giant cockroaches
  7 goblins
  3 hobgoblins
  2 jackals
  8 kobolds
  2 quokkas
  10 bats
  6 frilled lizards
  A giant cockroach simulacrum (D:3)
  8 rats
91 creatures vanquished.

Notes
Turn   | Place    | Note
-------+----------+-------------------------------------------
     0 | D:1      | Ijustatesigmund the Octopode Fighter began the quest for
                  | the Orb.
     0 | D:1      | Reached XP level 1. HP: 16/16 MP: 1/1
    68 | D:1      | Reached XP level 2. HP: 21/21 MP: 2/2
   551 | D:1      | Reached XP level 3. HP: 24/26 MP: 3/3
  1152 | D:2      | Reached XP level 4. HP: 9/31 MP: 4/4
  1623 | D:2      | Found a shadowy altar of Dithmenos.
  1814 | D:3      | Noticed an ogre
  2144 | D:3      | Reached XP level 5. HP: 18/37 MP: 5/5
  2341 | D:3      | Found a radiant altar of Vehumet.
  2367 | D:3      | Found a shattered altar of Ashenzari.
  2367 | D:3      | Found a sparkling altar of Nemelex Xobeh.
  2462 | D:3      | Noticed Borgoz's ghost (amateur KoEn)
  2512 | D:3      | Found a runed translucent gate.
  2512 | D:3      | Found a runed translucent gate.
  2512 | D:3      | Found a runed translucent gate.
  2606 | D:3      | Killed an ogre
  2606 | D:3      | Reached XP level 6. HP: 10/43 MP: 6/6
  3249 | D:3      | Killed Borgoz's ghost
  3646 | D:4      | Found a hide-covered altar of Uskayaw.
  3672 | D:4      | Reached XP level 7. HP: 40/48 MP: 7/7
  3774 | D:4      | Noticed Grinder
  3782 | D:4      | Paralysed by Grinder for 4 turns
  3784 | D:4      | HP: 1/49 [hound (3)]
  3784 | D:4      | Slain by an adder

Levels and vault maps discovered:
D:1:      elethiomel_arrival_shortcut, layout_loops_cross
D:2:      layout_loops_ring, marbit_many_paths
D:3:      layout_loops_ring, gammafunk_temple_overflow_forgotten,
          gammafunk_ghost_icy
D:4:      layout_rooms, lemuel_crystal_altar,
          yredelemnul_forgotten_temple_becter, uniq_grinder

Skill      XL: |  1  2  3  4  5  6 |
---------------+-------------------+-----
Maces & Flails | 3 4 |  4.9
Shields        | 4 |  4.4
Fighting       | 4 |  4.4
Dodging        | 4 |  4.3

Action                   |  1- 3 |  4- 6 |  7- 9 || total
-------------------------+-------+-------+-------++-------
Melee: Flail             |    60 |   118 |    13 ||   191
       Constrict         |    21 |    28 |     1 ||    50
       Tentacles         |    10 |    22 |     3 ||    35
Throw: Javelin           |       |     4 |       ||     4
  Use: Scroll            |     4 |     4 |     2 ||    10
       Potion            |     1 |     3 |     1 ||     5
 Stab: Sleeping          |     8 |     4 |     1 ||    13
  Eat: Ration            |       |     2 |       ||     2
       Chunk             |       |     3 |       ||     3
Armor: Skin              |     9 |    21 |     2 ||    32
Dodge: Dodged            |    32 |    52 |    15 ||    99
Block: Shield            |    27 |    60 |     5 ||    92

Table legend:
 A = Non-vault XP
 B = Vault XP
 C = Vault XP percentage of total XP
 D = Non-vault monster count
 E = Vault monster count
 F = Vault count percentage of total count
                 A         B        C        D         E       F
            +---------+---------+-------+---------+---------+-------
      Total |     521 |     194 |  27.1 |      83 |       8 |   8.8
            +---------+---------+-------+---------+---------+-------
        D:1 |      42 |       0 |   0.0 |      24 |       0 |   0.0
        D:2 |      90 |       1 |   1.1 |      21 |       1 |   4.5
        D:3 |     256 |     193 |  43.0 |      33 |       7 |  17.5
        D:4 |     133 |       0 |   0.0 |       5 |       0 |   0.0
            +---------+---------+-------+---------+---------+-------
